 Dungeon Crawl Stone Soup version 0.25-a0-58-g9dd530fc12 (webtiles) character file.

Game seed: 16777876129650248053, levelgen mode: deterministic

14151 TerjeT the Geomancer (level 11, -1/75 HPs)
             Began as a Green Draconian Earth Elementalist on Oct 25, 2019.
             Was an Elder of Vehumet.
             Killed from afar by a molten gargoyle (28 damage)
             ... with a bolt of magma
             ... in a volcano on Oct 26, 2019.
             The game lasted 01:33:39 (12730 turns).

TerjeT the Geomancer (DrEE)                        Turns: 12730, Time: 01:33:40

Health: -1/75      AC: 15    Str: 12    XL:     11   Next: 84%
Magic:  11/27      EV: 12    Int: 17    God:    Vehumet [****..]
Gold:   696        SH:  0    Dex: 12    Spells: 21/34 levels left

rFire    . . .     SeeInvis .   A - +5 dagger (speed)
rCold    . . .     Gourm    .   (no shield)
rNeg     . . .     Faith    .   (armour unavailable)
rPois    +         Spirit   .   (helmet restricted)
rElec    .         Reflect  .   o - +1 cloak
rCorr    .         Harm     .   G - +2 pair of gloves
MR       .....                  j - +2 pair of boots
Stlth    ++........             s - amulet of regeneration
HPRegen  0.62/turn              F - ring of flight
MPRegen  0.20/turn              (no ring)

@: no status effects
A: breathe noxious fumes, unfitting armour, poison resistance, cold-blooded, AC
+7
a: Breathe Noxious Fumes, Renounce Religion, Evoke Flight


You were in a volcano.
You worshipped Vehumet.
Vehumet was greatly pleased with you.
You were not hungry.

You visited 3 branches of the dungeon, and saw 13 of its levels.
You also visited: Volcano.

You collected 696 gold pieces.

Inventory:

Hand Weapons
 e - a +3 quarterstaff
 A - a +5 dagger of speed (weapon)
 B - a +3 falchion
Missiles
 b - 48 stones (quivered)
Armour
 j - a +2 pair of boots (worn)
 o - a +1 cloak (worn)
 C - a +0 pair of gloves
 G - a +2 pair of gloves (worn)
Jewellery
 s - an amulet of regeneration (around neck)
 F - a ring of flight (left hand)
Wands
 d - a wand of iceblast (7)
 v - a wand of digging (11)
 w - a wand of paralysis (16)
 y - a wand of disintegration (11)
 D - a wand of flame (42)
Scrolls
 i - 2 scrolls of blinking
 k - a scroll of remove curse
 q - a scroll of immolation
 r - a scroll of teleportation
 x - 4 scrolls of amnesia
Potions
 a - 2 potions of magic
 f - a potion of lignification
 g - 2 potions of berserk rage
 h - 6 potions of curing
 l - a potion of might
 m - a potion of invisibility
 p - a potion of resistance
 t - 3 potions of haste
 u - a potion of degeneration
 z - a potion of cancellation
 E - a potion of mutation
 H - 2 potions of agility
Comestibles
 c - 21 rations
 n - 3 chunks of flesh


   Skills:
 - Level 0.6 Fighting
 + Level 1.1(1.3) Short Blades
 + Level 1.0(1.3) Long Blades
   Level 1.0(1.1) Polearms
 + Level 0.2(0.7) Staves
 - Level 2.0 Dodging
 - Level 1.8 Stealth
 + Level 0.2 Unarmed Combat
 * Level 12.3 Spellcasting
 + Level 5.0 Conjurations
 + Level 0.4 Hexes
   Level 1.0 Transmutations
 + Level 1.0 Air Magic
 * Level 12.4 Earth Magic


You had 21 spell levels left.
You knew the following spells:

 Your Spells              Type           Power        Failure   Level  Hunger
a - Sandblast             Erth           ######       1%          1    None
b - Stone Arrow           Conj/Erth      #####.       1%          3    None
c - Shock                 Conj/Air       ###.         1%          1    None
d - Dazzling Spray        Conj/Hex       ###...       1%          3    None
e - Lee's Rapid Deconstr  Erth           ######....   1%          5    ####...

Your spell library contained the following spells:

 Spells                   Type           Power        Failure   Level  Hunger
 Fulminant Prism          Conj/Hex       ###.......   6%          4    ##.....
 Passwall                 Tmut/Erth      ####....     1%          2    None
 Petrify                  Tmut/Erth      ####....     4%          4    ##.....


Dungeon Overview and Level Annotations

Branches:
Dungeon (10/15)            Temple (1/1) D:4            Lair (2/6) D:10
  Snake (0/4) Lair:2      Volcano (1/1)
  Swamp: Lair:2-4    Shoals: Lair:2-4       Orc: D:9-12

Altars:
Ashenzari
Cheibriados
Dithmenos
Elyvilon
Fedhas
Gozag
Hepliaklqana
Kikubaaqudgha
Makhleb
Nemelex Xobeh
Okawaru
Qazlal
Ru
Sif Muna
Trog
Uskayaw
Vehumet
Wu Jian
Xom
Yredelemnul
Zin
The Shining One
Beogh

Shops:
D:4 %

Annotations:
D:7 exclusion: oklob plant
D:10 Harold, Urug
Lair:1 exclusion: 3 oklob plants


Innate Abilities, Weirdness & Mutations

You can breathe blasts of noxious fumes.
Your lurid green scales are hard. (AC +7)
You cannot fit into any form of body armour.
Your system is resistant to poisons. (rPois)
You are cold-blooded and may be slowed by cold attacks.


Message History

The blast of rock fragments hits the molten gargoyle but does no damage.
The molten gargoyle is lightly damaged.
The air gets thick with the scent of sulphur.
Casting: Lee's Rapid Deconstruction (safe; 1% risk of failure)
Confirm with . or Enter, or press ? or * to list all spells.
Aiming: Lee's Rapid Deconstruction (safe; 1% risk of failure)
Press: ? - help, Dir - move target cursor A stone wall.
The wall shatters!
The blast of rock fragments hits the molten gargoyle but does no damage.
The molten gargoyle is lightly damaged.
The blast of rock fragments hits the fire crab!!
You kill the fire crab!
Vehumet accepts your kill.
You feel your power returning.
Your Conjurations skill increases to level 5!
Your Air Magic skill increases to level 1!
The molten gargoyle blasts magma at you!
The bolt of magma hits you!!
You die...

#.# ##†##
##...##
#.....#
#..∩..#
#.....#
###'###
###.[.###...
+...@..9'...
###8_8######
#...# #####


You could see a molten gargoyle.

Vanquished Creatures
  Josephine (D:10)
  2 two-headed ogres
  A hell hog (Volcano)
  2 deep elf knights (D:10)
  A fire crab (Volcano)
  Psyche (D:9)
  A black mamba (Lair:1)
  A spiny frog (Lair:1)
  2 trolls
  4 hippogriffs
  4 wraiths (D:10)
  3 fire bats (Volcano)
  6 yaks
  A steam dragon (Volcano)
  A hungry ghost (D:10)
  A porcupine (Lair:1)
  2 hell hounds (Volcano)
  A black bear (D:7)
  A sky beast (D:5)
  5 orc warriors
  A necrophage (D:8)
  4 ogres
  2 phantoms
  A wolf (Lair:1)
  3 crocodiles (Lair:1)
  6 centaurs
  7 bullfrogs
  A big kobold (D:9)
  A wyvern skeleton (D:10)
  27 killer bees
  3 howler monkeys
  A crimson imp (D:5)
  A bullfrog zombie (D:6)
  A jelly (D:9)
  3 lava snakes (Volcano)
  2 centaur zombies
  2 bullfrog skeletons (D:7)
  7 hounds
  9 orc priests
  11 orc wizards
  A gnoll shaman (D:6)
  3 worker ants
  3 iguanas
  A killer bee zombie (D:10)
  2 hound zombies
  2 hound skeletons
  2 worker ant zombies
  3 gnolls (D:6)
  9 adders
  2 adder zombies
  3 worms (D:2)
  2 dart slugs
  3 leopard geckos
  43 orcs
  2 ball pythons
  5 bats
  6 giant cockroaches
  10 goblins
  8 hobgoblins
  10 jackals
  8 kobolds
  A quokka (D:7)
  4 frilled lizards
  A leopard gecko zombie (D:7)
  4 rats
272 creatures vanquished.

Notes
Turn   | Place    | Note
-------+----------+-------------------------------------------
     0 | D:1      | TerjeT the Draconian Earth Elementalist began the quest for
                  | the Orb.
     0 | D:1      | Reached XP level 1. HP: 14/14 MP: 3/3
    84 | D:1      | Reached XP level 2. HP: 19/20 MP: 0/5
   592 | D:1      | Reached XP level 3. HP: 27/27 MP: 6/6
   951 | D:2      | Found a sparkling altar of Nemelex Xobeh.
   951 | D:2      | Found a white marble altar of Elyvilon.
   951 | D:2      | Found a glowing silver altar of Zin.
   951 | D:2      | Found a burning altar of Makhleb.
   968 | D:2      | Reached skill level 1 in Polearms
   978 | D:2      | Learned a level 3 spell: Stone Arrow
  1051 | D:2      | Found an ancient bone altar of Kikubaaqudgha.
  1051 | D:2      | Found a bloodstained altar of Trog.
  1366 | D:2      | Reached XP level 4. HP: 31/34 MP: 8/8
  1662 | D:3      | Reached XP level 5. HP: 7/39 MP: 0/9
  2551 | D:4      | Found Jiask's Food Shoppe.
  2561 | D:4      | Reached skill level 5 in Earth Magic
  2596 | D:4      | Found a staircase to the Ecumenical Temple.
  2761 | D:4      | Found a shattered altar of Ashenzari.
  2818 | D:4      | Reached XP level 6. HP: 38/46 MP: 6/12
  2999 | Temple   | Entered the Ecumenical Temple
  3060 | Temple   | Became a worshipper of Vehumet
  3377 | D:5      | Entered Level 5 of the Dungeon
  3563 | D:5      | Noticed a sky beast
  3590 | D:5      | Killed a sky beast
  3744 | D:5      | Your scales start taking on a lurid green colour.
  3744 | D:5      | Reached XP level 7. HP: 51/51 MP: 14/14
  3744 | D:5      | Gained mutation: Your system is resistant to poisons.
                  | (rPois) [Green Draconian growth]
  3796 | D:5      | Reached skill level 5 in Spellcasting
  3918 | D:5      | Found an iron altar of Okawaru.
  5117 | D:6      | Found a snail-covered altar of Cheibriados.
  5477 | D:7      | Reached XP level 8. HP: 38/58 MP: 5/17
  5582 | D:6      | Reached skill level 1 in Conjurations
  5605 | D:7      | Noticed an oklob plant
  5658 | D:7      | Reached * piety under Vehumet
  5658 | D:7      | Offered knowledge of Freeze by Vehumet.
  6684 | D:8      | Reached XP level 9. HP: 63/63 MP: 20/20
  6729 | D:8      | Noticed a two-headed ogre
  6738 | D:8      | Killed a two-headed ogre
  7409 | D:8      | Reached skill level 1 in Long Blades
  7424 | D:8      | Reached ** piety under Vehumet
  7424 | D:8      | Offered knowledge of Shock by Vehumet.
  7427 | D:8      | Learned a level 1 spell: Shock
  7472 | D:8      | Found a glowing golden altar of the Shining One.
  7472 | D:8      | Found a hazy altar of Hepliaklqana.
  7597 | D:8      | Noticed a queen bee
  7999 | D:9      | Reached skill level 10 in Earth Magic
  8110 | D:9      | Offered knowledge of Dazzling Spray by Vehumet.
  8118 | D:9      | Reached XP level 10. HP: 61/70 MP: 1/23
  8243 | D:9      | Learned a level 3 spell: Dazzling Spray
  8659 | D:8      | Reached *** piety under Vehumet
  9138 | D:8      | Learned a level 5 spell: Lee's Rapid Deconstruction
  9148 | D:8      | Reached skill level 10 in Spellcasting
  9235 | D:8      | Found a roughly hewn altar of Beogh.
  9507 | D:9      | Noticed Psyche
  9511 | D:9      | Killed Psyche
  9511 | D:9      | Offered knowledge of Throw Icicle by Vehumet.
  9922 | D:9      | Upgraded the game from 0.25-a0-55-g0753fd1ad2 to
                  | 0.25-a0-58-g9dd530fc12
  9954 | D:10     | Entered Level 10 of the Dungeon
  9994 | D:10     | Noticed a deep elf knight
 10001 | D:10     | Killed a deep elf knight
 10001 | D:10     | Reached skill level 1 in Short Blades
 10011 | D:10     | Noticed a deep elf knight
 10029 | D:10     | Noticed Harold
 10037 | D:10     | Noticed Urug
 10195 | D:10     | Found a staircase to the Lair.
 10231 | D:10     | Noticed a +4 long sword
 10261 | D:10     | Noticed a two-headed ogre
 10441 | D:10     | Killed a two-headed ogre
 10646 | D:10     | Reached XP level 11. HP: 75/75 MP: 9/25
 10772 | D:10     | Noticed Josephine
 10781 | D:10     | Killed Josephine
 11134 | Lair:1   | Entered Level 1 of the Lair of Beasts
 11143 | Lair:1   | Reached **** piety under Vehumet
 11544 | Lair:1   | Offered knowledge of Fulminant Prism by Vehumet.
 11688 | D:10     | Killed a deep elf knight
 12404 | Lair:1   | You fall into a shaft and drop 1 floor!
 12416 | Lair:1   | Noticed an oklob plant
 12416 | Lair:1   | Noticed an oklob plant
 12416 | Lair:1   | Noticed an oklob plant
 12419 | Lair:2   | Found a dark tunnel.
 12492 | Volcano  | Entered a volcano
 12699 | Volcano  | Found a burning altar of Makhleb.
 12699 | Volcano  | Noticed a hell hog
 12706 | Volcano  | Killed a hell hog
 12728 | Volcano  | Noticed a fire crab
 12730 | Volcano  | Killed a fire crab
 12730 | Volcano  | Reached skill level 5 in Conjurations
 12730 | Volcano  | Reached skill level 1 in Air Magic
 12730 | Volcano  | Killed from afar by a molten gargoyle

Levels and vault maps discovered:
D:1:      minmay_arrival_stone_box, layout_rooms, minivault_26
D:2:      layout_basic, minmay_overflow_temple_hex
D:3:      wander_river, layout_basic, serial_bayou_pond_e,
          hangedman_decor_lopped
D:4:      layout_loops_ring, minmay_temple_entry_statues, first_ration,
          serial_shops, nicolae_shop_temple_entry_statues_fountains,
          ashenzari_altar_1
D:5:      layout_gridville, okawaru_ov_weapons_minmay, hangedman_decor_points,
          lemuel_flamethrower_2
D:6:      layout_loops_ring, kennysheep_mini
D:7:      lemuel_slime, layout_loops_ring
D:8:      layout_basic, gammafunk_temple_overflow_elements, special_room
          [special_room_orc], david_nohive_1
D:9:      layout_basic, minmay_orc_keep, uniq_psyche
D:10:     layout_basic, lair_entry_dummy, sword_in_stone, uniq_josephine
Temple:   hc_temple_tempest_star
Lair:1:   dpeg_oklob_gauntlet, layout_hall_layers, serial_bayou_ford_a,
          beast_lair_carwin_2, lemuel_fruit_fields
Lair:2:   layout_roguey [special_room_bee], minmay_snake_entry_guardpost_medium,
          enter_volcano_1, uniq_erica
Volcano:  volcano_grotto [vgs_original]

Skill      XL: |  1  2  3  4  5  6  7  8  9 10 11 |
---------------+----------------------------------+-----
Dodging        | 2 |  2.0
Polearms       | 1 |  1.0
Earth Magic    | 4 5 6 8 10 11 12 | 12.4
Spellcasting   | 3 4 6 7 9 10 12 | 12.3
Conjurations   | 1 2 3 5 |  5.0
Long Blades    | 1 |  1.0
Short Blades   | 1 |  1.1
Air Magic      | 1 |  1.0
Fighting       | |  0.6
Staves         | |  0.2
Stealth        | |  1.8
Unarmed Combat | |  0.2
Hexes          | |  0.4
Transmutations | |  1.0

Action                   |  1- 3 |  4- 6 |  7- 9 | 10-12 || total
-------------------------+-------+-------+-------+-------++-------
Melee: Unarmed           |    11 |       |       |       ||    11
       Tailslap          |    11 |     7 |    13 |     5 ||    36
       Spear             |   103 |   106 |    68 |       ||   277
       Mace              |     7 |       |       |       ||     7
       Quarterstaff      |       |       |     9 |       ||     9
       Falchion          |       |       |    23 |       ||    23
       Dagger            |       |       |    29 |    44 ||    73
 Cast: Sandblast         |    27 |    52 |    63 |    51 ||   193
       Stone Arrow       |       |       |   122 |   145 ||   267
       Lee's Rapid Decon |       |       |       |    30 ||    30
       Shock             |       |       |       |    41 ||    41
       Dazzling Spray    |       |       |       |     1 ||     1
 Abil: Breathe Noxious F |       |       |     2 |     1 ||     3
  Use: Scroll            |       |     3 |     4 |    17 ||    24
 Stab: Sleeping          |       |     2 |       |       ||     2
       Confused          |       |       |     2 |       ||     2
  Eat: Chunk             |     1 |     6 |     9 |     7 ||    23
       Ration            |       |     1 |     2 |     4 ||     7
Armor: Skin              |    33 |    49 |   104 |    66 ||   252
Dodge: Dodged            |    66 |    64 |   128 |    90 ||   348
       Rpst.: Falchion   |       |       |     1 |       ||     1

Table legend:
 A = Non-vault XP
 B = Vault XP
 C = Vault XP percentage of total XP
 D = Non-vault monster count
 E = Vault monster count
 F = Vault count percentage of total count
                 A         B        C        D         E       F
            +---------+---------+-------+---------+---------+-------
      Total |   11602 |    8614 |  42.6 |     209 |      63 |  23.2
            +---------+---------+-------+---------+---------+-------
        D:1 |      42 |       0 |   0.0 |      21 |       0 |   0.0
        D:2 |      71 |       0 |   0.0 |      20 |       0 |   0.0
        D:3 |     149 |       0 |   0.0 |      17 |       0 |   0.0
        D:4 |     138 |       0 |   0.0 |      11 |       0 |   0.0
        D:5 |     438 |       0 |   0.0 |      12 |       0 |   0.0
        D:6 |     641 |       0 |   0.0 |      17 |       0 |   0.0
        D:7 |    1015 |      63 |   5.8 |      18 |       1 |   5.3
        D:8 |    2578 |     900 |  25.9 |      31 |      27 |  46.6
        D:9 |    1489 |     848 |  36.3 |      29 |      12 |  29.3
       D:10 |    2809 |    3512 |  55.6 |      23 |       7 |  23.3
     Lair:1 |    2232 |     427 |  16.1 |      10 |       4 |  28.6
     Lair:2 |       0 |      63 | 100.0 |       0 |       1 | 100.0
    Volcano |       0 |    2801 | 100.0 |       0 |      11 | 100.0
            +---------+---------+-------+---------+---------+-------
